 Dungeon Crawl Stone Soup version 0.19.4-9-g45fd643 (webtiles) character file.

47 vatarom the Ducker (level 3, 0/16 HPs)
             Began as a Felid Skald on Feb 15, 2017.
             Slain by Crazy Yiuf
             ... wielding a +4 quarterstaff of chaos
              (2 damage)
             ... on level 2 of the Dungeon.
             The game lasted 00:04:54 (3193 turns).

vatarom the Ducker (Felid Skald)                    Turns: 3193, Time: 00:04:54

Health: 0/16       AC:  1    Str: 14    XL:     3   Next: 48%
Magic:  6/7        EV: 19    Int: 13    God:
Gold:   73         SH:  0    Dex: 15    Spells: 3 memorised, 0 levels left
                                        Lives:  0   Deaths: 1

rFire  . . .     SeeInvis +       - Unarmed
rCold  . . .     Gourm    .     (armour unavailable)
rNeg   . . .     Faith    .     (shield unavailable)
rPois  .         Spirit   .     (helmet unavailable)
rElec  .         Reflect  .     (cloak unavailable)
rCorr  .         Harm     .     (gloves unavailable)
MR     .....                    (boots unavailable)
Stlth  +++.......               (no amulet)
                                (no ring)
                                (no ring)

@: mighty, drained, quick
A: no armour, no weapons or thrown items, stealth, claws 1, fangs 3, see
invisible, carnivore 3, speed 1, shaggy fur 1, slow metabolism 1, sharp paws
a: no special abilities


You were on level 2 of the Dungeon.
You were full.

You visited 1 branch of the dungeon, and saw 2 of its levels.

You collected 73 gold pieces.

Inventory:

Potions
 c - a potion of might
 e - a potion of curing
 g - a potion of magic
Books
 a - a book of Battle

   Spells                             Type                      Level
   a - Infusion                       Charms                       1
   b - Shroud of Golubria             Charms/Translocation         2
   c - Song of Slaying                Charms                       2
   d - Spectral Weapon                Hexes/Charms                 3
   e - Regeneration                   Charms/Necromancy            3
Comestibles
 b - a meat ration


   Skills:
 - Level 2.0(1.7) Fighting
 * Level 4.6(4.3) Dodging
 - Level 2.8(2.5) Stealth
 * Level 2.2(1.9) Unarmed Combat
 - Level 2.0(1.7) Spellcasting
 - Level 3.6(3.3) Charms
 - Level 2.2(1.9) Translocations


You couldn't memorise any spells.
You knew the following spells:

 Your Spells              Type           Power        Failure   Level  Hunger
a - Infusion              Chrm           #...         10%         1    ##.....
b - Shroud of Golubria    Chrm/Tloc      #.........   14%         2    ###....
c - Regeneration          Chrm/Necr      #.........   38%         3    ####...


Dungeon Overview and Level Annotations

Branches:
Dungeon (2/15)

Altars:

Annotations:
D:2 Crazy Yiuf


Innate Abilities, Weirdness & Mutations

You cannot wear armour.
You are incapable of wielding weapons or throwing items.
Your paws allow you to move quietly. (Stealth)
You have sharp claws.
You have razor-sharp teeth.
You have supernaturally acute eyesight. (SInv)
You are carnivorous and can eat meat at any time.
You cover ground quickly.
You are covered in fur. (AC +1)
You have a slow metabolism.
Your sharp claws are effective at attacking unaware monsters.


Message History

Crazy Yiuf hits you with a +4 quarterstaff of chaos!
Ouch! That really hurt!
* * * LOW HITPOINT WARNING * * *
Your shroud falls apart!
You are lethally poisoned!
You closely miss Crazy Yiuf.
Crazy Yiuf is severely wounded.
* * * LOW HITPOINT WARNING * * *
You feel sick.
You feel better.
Crazy Yiuf hits you with a +4 quarterstaff of chaos!
* * * LOW HITPOINT WARNING * * *
You feel drained.
* * * LOW HITPOINT WARNING * * *
Okay, then.
You feel better.
Crazy Yiuf hits you with a +4 quarterstaff of chaos!
* * * LOW HITPOINT WARNING * * *
Crazy Yiuf burns you.
You die...

#.............# ♣♣.♣
#....#. #.######......#
♣.♣♣ #....#. #.#
#.#....# ♣♣.♣ #....<.
#.# #.#....# ♣♣.♣♣
#...#.. ###.# #.#.#..#
♣♣..)♣ ###.... ....#
#.#.#.## ♣....♣ ##.##
##### #.#....# ##..##
#.## ###
#.###.#####....#### #...
..# #.# #..@g[#...###.#
#..# #.# #.###.#...#..##
#.# #..# #.#
#.##...##.#.## #.# #..#
#.# #.##........#####.#
#..# #.#
#.##...##.........# #..#
#.######
#.###.###.######### #..#
.......#
#.###>###.###########..#
#.####.#
#......................#
#.# #.#
#####.##.#############.#


You could see Crazy Yiuf.

Vanquished Creatures
  Ijyb (D:2)
  4 adders (D:2)
  2 worms (D:2)
  A dart slug (D:2)
  2 bats (D:1)
  4 giant cockroaches
  7 goblins
  7 hobgoblins
  3 frilled lizards
  A kobold (D:2)
  A rat (D:2)
33 creatures vanquished.

Notes
Turn   | Place    | Note
-------+----------+-------------------------------------------
     0 | D:1      | vatarom the Felid Skald began the quest for the Orb.
     0 | D:1      | Reached XP level 1. HP: 9/9 MP: 4/4
    41 | D:1      | Reached skill level 1 in Stealth
   363 | D:1      | Reached XP level 2. HP: 2/13 MP: 6/6
  1746 | D:1      | Learned a level 2 spell: Shroud of Golubria
  1794 | D:2      | Reached skill level 3 in Dodging
  1917 | D:2      | Reached XP level 3. HP: 13/16 MP: 4/7
  2068 | D:2      | Reached skill level 1 in Translocations
  2106 | D:2      | Noticed Ijyb
  2124 | D:2      | Killed Ijyb
  2124 | D:2      | Reached skill level 4 in Dodging
  2132 | D:2      | Found a runed door.
  2162 | D:2      | Reached XP level 4. HP: 11/19 MP: 8/8
  2320 | D:2      | Learned a level 3 spell: Regeneration
  3028 | D:2      | Noticed Crazy Yiuf
  3043 | D:2      | Mangled by Crazy Yiuf
  3044 | D:2      | Reached XP level 3. HP: 14/24 MP: 5/7
  3193 | D:2      | Slain by Crazy Yiuf

Skill      XL: |  1  2  3  4 |
---------------+-------------+-----
Stealth        | 2 |  2.8
Dodging        | 3 4 |  4.6
Translocations | 1 2 |  2.2
Fighting       | |  2.0
Unarmed Combat | |  2.2
Spellcasting   | |  2.0
Charms         | |  3.6

Action                   |  1- 3 |  4- 6 || total
-------------------------+-------+-------++-------
Melee: Unarmed           |    86 |    76 ||   162
       Bite              |     5 |     6 ||    11
 Cast: Shroud of Golubri |     5 |     8 ||    13
  Use: Scroll            |     1 |     3 ||     4
       Potion            |     9 |     2 ||    11
 Stab: Sleeping          |     6 |     2 ||     8
  Eat: Chunk             |    12 |     3 ||    15
Armor: Skin              |     3 |     1 ||     4
Dodge: Dodged            |    63 |    46 ||   109
